 Dungeon Crawl Stone Soup version 0.30.1-11-g7821555f0a (webtiles) character file.

Game seed: 3893858515398718673

2124 booth the Chopper (level 9, -7/59 (62) HPs)
             Began as a Demonspawn Monk on Nov 2, 2023.
             Was an Elder of Hepliaklqana.
             Mangled by a wight
             ... wielding a +1 scimitar of freezing
              (43 damage)
             ... on level 7 of the Dungeon on Nov 3, 2023.
             The game lasted 00:30:33 (5472 turns).

booth the Chopper (Demonspawn Monk)                 Turns: 5472, Time: 00:30:34

HP:   -7/59 (62)    AC:  7    Str: 15    XL:     9   Next: 8%
MP:   13/13         EV:  2    Int: 10    God:    Hepliaklqana [****..]
Gold: 368           SH:  0    Dex: 20    Spells: 8/8 levels left

rFire   + . .        u - +2 whip (drain)
rCold   . . .        d - orb {light}
rNeg    . . .        t - +1 leather armour {rF+}
rPois   +            (helmet unavailable)
rElec   .            p - +0 cloak
rCorr   .            (no gloves)
SInv    +            (no boots)
Will    .....        f - amulet of the acrobat
Stlth   +            h - ring of see invisible
HPRegen 1.09/turn    z - ring of poison resistance
MPRegen 0.13/turn

%: acrobat
@: sleeping, glowing, lightly drained
A: reduced essence, antennae 3, thin metallic scales 1, condensation shield,
agile 1, regeneration 1, sturdy frame 1
a: Renounce Religion, Recall Ancestor, Ancestor Identity, Transference, Idealise


You were on level 7 of the Dungeon.
You worshipped Hepliaklqana.
Hepliaklqana was greatly pleased with you.
You visited 2 branches of the dungeon, and saw 8 of its levels.

You collected 368 gold pieces.

Inventory:

Hand Weapons
 a - a +0 hand axe
 q - a +0 war axe
 u - a +2 whip of draining (weapon)
Missiles
 b - a boomerang (quivered)
 g - 2 curare-tipped darts
 k - 5 poisoned darts
Armour
 d - an orb of light (worn)
 p - a +0 cloak (worn)
 r - a +0 ring mail
 t - a +1 leather armour of fire resistance (worn)
Jewellery
 f - an amulet of the acrobat (around neck)
 h - a ring of see invisible (left hand)
 y - a ring of flight
 z - a ring of poison resistance (right hand)
Scrolls
 l - a scroll of teleportation
 m - a scroll of enchant armour {unknown}
 s - a scroll of poison
 v - a scroll of magic mapping {unknown}
 x - a scroll of fog
Potions
 c - a potion of ambrosia
 e - a potion of heal wounds
 i - a potion of might
 j - 5 potions of curing
 n - a potion of mutation
 o - a potion of lignification
 w - a potion of berserk rage {unknown}


   Skills:
 + Level 5.8 Fighting
 * Level 7.1 Axes
 + Level 3.8 Throwing
 + Level 5.3 Dodging
 + Level 5.7 Invocations


You had 8 spell levels left.
You didn't know any spells.
Your spell library contained the following spells:

 Spells                   Type           Power      Damage    Failure   Level
 Beastly Appendage        Tmut           0%         N/A       36%         1
 Wereblood                Tmut           0%         N/A       52%         2
 Spider Form              Tmut/Pois      0%         N/A       75%         3
 Iskenderun's Battlesphe  Conj           0%         2d6       100%        5
 Iron Shot                Conj/Erth      0%         9d1       100%        6
 Spellforged Servitor     Conj/Summ      0%         N/A       100%        7


Dungeon Overview and Level Annotations

Branches:
Dungeon (7/15)             Temple (1/1) D:6

Altars:
Ashenzari
Dithmenos
Fedhas
Gozag
Hepliaklqana
Kikubaaqudgha
Okawaru
Qazlal
Ru
Sif Muna
Uskayaw
Vehumet
Wu Jian
Xom
Yredelemnul

Annotations:
D:3 2 transporters, fireball365's ghost, amateur HOFi


Innate Abilities, Weirdness & Mutations

Your life essence is reduced to manifest your ancestor. (-10% HP)
You have a pair of large antennae on your head. (SInv)
You are partially covered in thin metallic scales. (AC +2)
A meltable shield of frost defends you. (SH +4)
You are agile. (Dex +4, Str/Int -1)
Your natural rate of healing is unusually fast.
Your movements are slightly less encumbered by armour. (ER -2)


Message History

The puff of flame hits Beorhtria.
Beorhtria resists.
You block the wight's attack. The wight closely misses you.
The sleepcap barely misses you.
There is a stone staircase leading up here.
You hit the orc. You drain the orc.
You kill the orc!
The orc wizard gestures at you while chanting.
Beorhtria appears confused.
The wight hits you with a +1 scimitar of freezing!
The wight freezes you. The sleepcap barely misses you.
The wight barely misses you. The wight completely misses you.
You block the sleepcap's attack.
You see here a +0 club.
You hit the wight but do no damage.
Beorhtria hits the orc wizard with a +0 quarterstaff!
The wight barely misses you. The wight misses you.
The orc wizard hits Beorhtria but does no damage.
The sleepcap misses you.
You hit the wight but do no damage.
The orc wizard hits Beorhtria with a +0 dagger.
The wight closely misses you.
The wight hits you with a +3 great sword!
You feel drained. You block the sleepcap's attack.
You hit the wight.
The wight is moderately damaged.
The wight closely misses you. The wight misses you.
The orc wizard hits Beorhtria but does no damage.
The sleepcap barely misses you.
You hit the wight but do no damage.
The wight is moderately damaged.
You whack the wight!
The wight is severely damaged.
The orc wizard gestures at Beorhtria while chanting.
The magic dart hits Beorhtria!
The sleepcap releases spores at you.
You are engulfed in a cloud of soporific spores!
You fall asleep.
The wight hits you with a +1 scimitar of freezing!!!
Ouch! That really hurt!
You die...

#######
#.....#
#.....#
#.....#####
#.z@.......
#.ozf.#####
#R....#
#.....#
#####..#
#.>. .###
.#


You could see the friendly Beorhtria the battlemage (confused), a sleepcap, 2
wights and an orc wizard (distracted, ally target).

Vanquished Creatures
  An ice beast (D:5)
  A sky beast (D:6)
  An ogre (D:5)
  A bullfrog (D:6)
  2 scorpions
  A killer bee (D:5)
  A gnoll bouda (D:5)
  A sleepcap (D:5)
  An orc wizard (D:3)
  2 gnolls (D:6)
  An adder (D:6)
  A dart slug (D:1)
  8 orcs
  A bat (D:2)
  5 endoplasms
  3 giant cockroaches (D:1)
  7 goblins
  2 hobgoblins
  A jackal (D:3)
  A quokka (D:1)
  6 ball pythons
  5 frilled lizards
  5 kobolds
  9 rats
67 creatures vanquished.

Vanquished Creatures (collateral kills)
  A steam dragon (D:6)
  Menkaure (D:6)
  An ice beast (D:6)
  An ogre (D:6)
  A centaur (D:6)
  A phantom (D:5)
  2 bullfrogs (D:6)
  Blork the orc (D:5)
  2 scorpions
  A wight (D:7)
  2 killer bees (D:5)
  A howler monkey (D:6)
  2 jellies (D:5)
  A gnoll bouda (D:6)
  Crazy Yiuf (D:2)
  3 iguanas
  3 orc wizards
  5 gnolls
  6 adders
  An ufetubus (D:6)
  2 worms
  11 orcs
  A ball python (D:2)
  A bat (D:2)
  2 endoplasms
  6 goblins
  4 hobgoblins
  2 jackals (D:3)
  2 quokkas
  A frilled lizard (D:2)
  A kobold (D:2)
  2 rats (D:3)
72 creatures vanquished.

Grand Total: 139 creatures vanquished

Notes
Turn   | Place    | Note
-------+----------+-------------------------------------------
     0 | D:1      | booth the Demonspawn Monk began the quest for the Orb.
     0 | D:1      | Reached XP level 1. HP: 18/18 MP: 1/1
   115 | D:1      | Gained mutation: You have a pair of small antennae on your
                  | head. [demonic ancestry]
   115 | D:1      | Reached XP level 2. HP: 24/24 MP: 2/2
   204 | D:1      | Reached skill level 3 in Axes
   664 | D:1      | Reached XP level 3. HP: 28/29 MP: 3/3
   670 | D:1      | Gained mutation: You have hidden genetic potential. [potion
                  | of mutation]
   670 | D:1      | Gained mutation: Your movements are slightly less
                  | encumbered by armour. (ER -2) [potion of mutation]
   861 | D:2      | Found a runed translucent door.
   862 | D:2      | Noticed Crazy Yiuf
   923 | D:2      | Found a hazy altar of Hepliaklqana.
   930 | D:2      | Became a worshipper of Hepliaklqana the Forgotten
   930 | D:2      | Reached * piety under Hepliaklqana
   930 | D:2      | Reached ** piety under Hepliaklqana
   931 | D:2      | Remembered your ancestor Beorhtria as a battlemage
  1566 | D:2      | Killed Crazy Yiuf
  1567 | D:2      | Reached XP level 4. HP: 13/33 MP: 4/4
  1577 | D:2      | Gained mutation: Your natural rate of healing is unusually
                  | fast. [hidden potential]
  1837 | D:3      | Reached skill level 4 in Axes
  1837 | D:3      | Gained mutation: You have a pair of antennae on your head.
                  | [demonic ancestry]
  1837 | D:3      | Reached XP level 5. HP: 37/37 MP: 5/5
  1840 | D:3      | Reached skill level 1 in Invocations
  1862 | D:3      | Gained mutation: You are agile. (Dex +4, Str/Int -1)
                  | [hidden potential]
  1862 | D:3      | Lost mutation: You have hidden genetic potential. [hidden
                  | potential expressed]
  1961 | D:3      | Noticed fireball365's ghost (amateur HOFi)
  2209 | D:3      | Found a transporter.
  2227 | D:3      | Found a transporter.
  2529 | D:4      | Reached *** piety under Hepliaklqana
  2669 | D:4      | Reached skill level 1 in Throwing
  2891 | D:4      | Reached XP level 6. HP: 35/43 MP: 7/7
  3309 | D:5      | Entered Level 5 of the Dungeon
  3375 | D:5      | Noticed Blork the orc
  3386 | D:5      | Killed Blork the orc
  3492 | D:5      | Reached skill level 5 in Axes
  3492 | D:5      | Gained mutation: You have a pair of large antennae on your
                  | head. (SInv) [demonic ancestry]
  3492 | D:5      | Reached XP level 7. HP: 49/49 MP: 7/9
  3784 | D:5      | Reached skill level 5 in Fighting
  3784 | D:5      | Gained mutation: You are partially covered in thin metallic
                  | scales. (AC +2) [demonic ancestry]
  3784 | D:5      | Reached XP level 8. HP: 55/55 MP: 9/11
  3901 | D:5      | Reached skill level 6 in Axes
  4419 | D:6      | Reached **** piety under Hepliaklqana
  4422 | D:6      | Reached skill level 5 in Invocations
  4591 | D:6      | Reached skill level 5 in Dodging
  4713 | D:6      | Identified the +5 hand axe of Giravajei {heavy, *Rage rPois
                  | MP+9 Stlth-}
  4954 | D:6      | Reached skill level 7 in Axes
  4955 | D:6      | Noticed Menkaure
  4968 | D:6      | Killed Menkaure
  4969 | D:6      | Gained mutation: A meltable shield of frost defends you.
                  | (SH +4) [demonic ancestry]
  4969 | D:6      | Reached XP level 9. HP: 48/62 MP: 13/13
  5124 | D:6      | Found a staircase to the Ecumenical Temple.
  5161 | Temple   | Entered the Ecumenical Temple
  5472 | D:7      | Mangled by a wight

Illustrated notes

Levels and vault maps discovered:
D:1:      dpeg_arrival_prison, layout_rooms
D:2:      layout_basic, basic_altar, kennysheep_generic_room_6,
          uniq_crazy_yiuf_cottage
D:3:      layout_loops_ring, gammafunk_ghost_gnarly_gnolls,
          mrwooster_statue_mirror, minmay_misc_feat_four_crosses,
          roderic_lattice_a
D:4:      layout_basic
D:5:      layout_basic, uniq_blork_the_orc
D:6:      layout_gridville, temple_hall, uniq_menkaure
D:7:      layout_rooms, uniq_prince_ribbit1, uniq_duvessa
Temple:   regret_index_temple_sphere_string

Skill      XL: |  1  2  3  4  5  6  7  8 |
---------------+-------------------------+-----
Axes           | 3 4 5 7 |  7.1
Dodging        | 3 4 5 |  5.3
Invocations    | 1 2 4 5 |  5.7
Fighting       | 4 5 |  5.8
Throwing       | 1 2 3 |  3.8

Action                     |  1- 3 |  4- 6 |  7- 9 || total
---------------------------+-------+-------+-------++-------
  Melee: Hand axe          |    93 |    18 |       ||   111
         Whip              |       |    33 |    57 ||    90
  Throw: Dart              |       |    11 |       ||    11
         Boomerang         |       |     3 |    12 ||    15
 Invoke: Ancestor Life: Ba |     1 |       |       ||     1
         Ancestor Identity |     1 |       |       ||     1
    Use: Scroll            |     2 |     5 |     1 ||     8
         Potion            |     1 |     3 |     2 ||     6
   Stab: Distracted        |       |     1 |       ||     1
 Armour: Robe              |     3 |       |       ||     3
         Leather armour    |    14 |     9 |    11 ||    34
  Dodge: Dodged            |    68 |    32 |    78 ||   178
  Block: Orb               |       |       |     5 ||     5
